 Dungeon Crawl Stone Soup version 0.31-a0-182-gc5ef74bbde (webtiles) character file.

Game seed: 14595383658905644860

7336 qw the Cleaver (level 11, -7/69 HPs)
             Began as a Gargoyle Fighter on June 20, 2023.
             Was an Elder of Okawaru.
             Mangled by a minotaur
             ... wielding the +9 mace of the Nexus {antimagic, Fragile rElec Str+2 Dex+4}
              (12 damage)
             ... in a Gauntlet.
             The game lasted 00:03:29 (7085 turns).

qw the Cleaver (Gargoyle Fighter)                   Turns: 7085, Time: 00:03:30

Health: -7/69      AC: 30    Str: 29    XL:     11   Next: 13%
Magic:  0/14       EV: 10    Int: 11    God:    Okawaru [****..]
Gold:   608        SH:  6    Dex: 11    Spells: 10/10 levels left

rFire   . . .        p - +4 war axe (vamp)
rCold   . . .        c - +0 buckler
rNeg    + . .        i - +0 plate armour
rPois   inf          n - +2 hat
rElec   +            u - +0 cloak "Reutedwe" {Rampage rF- Regen+ Str+5}
rCorr   .            j - +0 pair of gloves
SInv    +            h - +0 pair of boots {Stlth+}
Will    .....        t - amulet of regeneration Stlth
                     y - ring of the Circus Animal {rF+ Int+4 Dex+2}
HPRegen 1.91/turn    k - ring of see invisible
MPRegen 0.14/turn

%: no teleportation, rampage
@: heroic
A: sickness immunity, AC +8, negative energy resistance 1, electricity
resistance, torment resistance 1, petrification resistance, dopey 1
a: Renounce Religion, Heroism, Finesse


You were in a Gauntlet.
You worshipped Okawaru.
Okawaru was greatly pleased with you.
You visited 3 branches of the dungeon, and saw 10 of its levels.
You also visited: Gauntlet.

You collected 608 gold pieces.


Innate Abilities, Weirdness & Mutations

You are immune to sickness and miasma.
Your stone body is resilient. (AC +8)
You are immune to poison.
You resist negative energy. (rN+)
You are resistant to electric shocks. (rElec)
You are resistant to unholy torment.
You are immune to petrification.
You are dopey. (Int -2)


   Skills:
 - Level 8.7(13.7) Fighting
 - Level 11.0(16.0) Axes
 - Level 1.4(6.4) Throwing
 + Level 7.8(12.8) Armour
 - Level 2.1(7.1) Dodging
 - Level 5.4(10.4) Shields
 + Level 4.7 Invocations


You had 10 spell levels left.
You didn't know any spells.
Your spell library was empty.

Inventory:

Hand Weapons
 l - a +0 flail
 p - a +4 vampiric war axe (weapon)
 r - a +0 hand axe
Missiles
 f - 4 boomerangs (quivered)
Armour
 c - a +0 buckler (worn)
 h - a +0 pair of boots of stealth (worn)
 i - a +0 plate armour (worn)
 j - a +0 pair of gloves (worn)
 n - a +2 hat (worn)
 o - the +0 chain mail "Orufaom" {rCorr Int+2}
   (You found it on level 6 of the Dungeon)

   Int:       It affects your intelligence (+2).
   rCorr:     It protects you from acid and corrosion.
 u - the +0 cloak "Reutedwe" (worn) {Rampage rF- Regen+ Str+5}
   (You found it in a Gauntlet)

   Str:       It affects your strength (+5).
   rF:        It makes you vulnerable to fire.
   Regen:     It increases your rate of health regeneration.
   Rampage:   It bestows one free step when moving towards enemies.
Jewellery
 b - a ring of protection from cold
 k - a ring of see invisible (right hand)
 t - an amulet of regeneration (around neck)
 v - a ring of fire
 y - the ring of the Circus Animal (left hand) {rF+ Int+4 Dex+2}
   (You found it in a Gauntlet)

   [ring of protection from fire]

   Int:       It affects your intelligence (+4).
   Dex:       It affects your dexterity (+2).
   rF:        It protects you from fire.
 Y - a ring of protection from cold
Scrolls
 g - 4 scrolls of identify
 m - 4 scrolls of teleportation
 x - a scroll of brand weapon
Potions
 a - 3 potions of lignification
 d - 2 potions of might
 e - 4 potions of curing
 s - a potion of enlightenment
 w - a potion of haste

Dungeon Overview and Level Annotations

Branches:
Dungeon (8/15)             Temple (1/1) D:4            Lair (1/5) D:8
Gauntlet (1/1)

Altars:
Ashenzari
Cheibriados
Dithmenos
Elyvilon
Fedhas
Hepliaklqana
Kikubaaqudgha
Makhleb
Okawaru
Qazlal
Ru
Trog
Uskayaw
Vehumet
Wu Jian
Xom
Zin
The Shining One

Shops:
D:3 (

Annotations:
Gauntlet 4 transporters


Message History

The minotaur gores you but does no damage.
Enter note:
Enter note: You hit the minotaur but do no damage.
The minotaur hits you with the +9 mace of the Nexus {antimagic, Fragile rElec Str+2 Dex+4}!!
You feel your power leaking away.
The minotaur gores you but does no damage.
You hit the minotaur.
The minotaur is lightly wounded.
You hit the minotaur but do no damage.
The minotaur is lightly wounded.
The minotaur hits you with the +9 mace of the Nexus {antimagic, Fragile rElec Str+2 Dex+4}!!
You feel your power leaking away.
The minotaur gores you but does no damage.
You hit the minotaur but do no damage.
The minotaur is lightly wounded.
You block the minotaur's attack. The minotaur gores you.
You hit the minotaur but do no damage. You hit the minotaur but do no damage.
The minotaur hits you with the +9 mace of the Nexus {antimagic, Fragile rElec Str+2 Dex+4}!!
You feel your power leaking away.
The minotaur gores you but does no damage.
You hit the minotaur.
You feel better.
The minotaur is lightly wounded.
The minotaur hits you but does no damage.
You block the minotaur's attack.
You closely miss the minotaur.
The minotaur is lightly wounded.
The minotaur hits you with the +9 mace of the Nexus {antimagic, Fragile rElec Str+2 Dex+4}.
The minotaur gores you.
You hit the minotaur but do no damage.
The minotaur is lightly wounded.
You hit the minotaur but do no damage.
The minotaur is lightly wounded.
The minotaur hits you with the +9 mace of the Nexus {antimagic, Fragile rElec Str+2 Dex+4}.
The minotaur gores you but does no damage.
You hit the minotaur.
The minotaur is lightly wounded.
The minotaur closely misses you. The minotaur gores you!
You die...

.##.##..#..###
##...##.#..#####
#.....#.#..#~8~#
...^...^#..#...### ###
#..%..#)#..#.8.......
##...##.#..#...###.##.##
.##.##..#..#.8........8#
........#..#...#.#.....
#########..#...#@# ###
..........~#.^.#.H.#
..........\#...###.'..
..........~#.^.# .#8.8)
#########..#...# # ###
Y.w..w..#..#...#.
#.#w#.#.#..#.8...
.#.#.#.!#..#...##
#.#.#.#[#..#.8...


You could see a minotaur.

Vanquished Creatures
  A fire crab (Gauntlet)
  A moth of wrath (Gauntlet)
  A cane toad (Lair:1)
  An ice devil (Gauntlet)
  A polar bear (Lair:1)
  5 blink frogs (Lair:1)
  Sigmund (D:3)
  4 fire bats (Gauntlet)
  A shadow (D:6)
  A neqoxec (Gauntlet)
  2 chaos spawn (Gauntlet)
  A water moccasin (D:7)
  2 ice beasts
  An orc warrior (D:6)
  A sky beast (D:7)
  2 black bears
  3 ogres
  6 wolves (Gauntlet)
  3 kobold brigands
  2 phantoms
  A gnoll sergeant (D:7)
  5 bullfrogs
  3 scorpions
  6 wights
  2 howler monkeys (D:6)
  A crimson imp (D:6)
  2 hounds (D:5)
  A jelly (D:7)
  A gnoll bouda (D:5)
  3 orc priests
  3 iguanas
  4 orc wizards
  3 sleepcaps
  9 gnolls
  5 adders
  2 shadow imps
  4 white imps
  An ufetubus (D:6)
  4 dart slugs
  26 orcs
  5 ball pythons
  4 endoplasms
  4 giant cockroaches
  5 goblins
  7 hobgoblins
  6 jackals (D:1)
  3 quokkas
  5 bats
  5 frilled lizards
  18 kobolds
  5 rats
193 creatures vanquished.

Notes
Turn   | Place    | Note
-------+----------+-------------------------------------------
     0 | D:1      | qw the Gargoyle Fighter began the quest for the Orb.
     0 | D:1      | Reached XP level 1. HP: 14/14 MP: 1/1
     0 | D:1      | 0 ||| qw: Version: 0.3-a-9-g12657ce
     0 | D:1      | 0 ||| qw: Game counter: 1291
     0 | D:1      | 0 ||| qw: Always use a shield: true
     0 | D:1      | 0 ||| qw: God list: Okawaru
     0 | D:1      | 0 ||| qw: Allow faded altars: false
     0 | D:1      | 0 ||| qw: Do Orc after D:15 true
     0 | D:1      | 0 ||| qw: Do second Lair branch before Depths: true
     0 | D:1      | 0 ||| qw: Lair rune preference: random
     0 | D:1      | 0 ||| qw: Plans: Normal, Zot:1-4, Slime:5, God:TSO, Crypt,
                  | Tomb, Abyss, Pan, Hells, Win
     0 | D:1      | 0 ||| PLANNING D:1-11
   123 | D:1      | Reached skill level 2 in Axes
   168 | D:1      | Reached XP level 2. HP: 19/19 MP: 2/2
   311 | D:1      | 311 ||| Stepping ~*~*~tactically~*~*~ (hiding).
   312 | D:1      | 312 ||| Stepping ~*~*~tactically~*~*~ (hiding).
   472 | D:1      | 472 ||| Stepping ~*~*~tactically~*~*~ (stealth).
   473 | D:1      | 473 ||| Stepping ~*~*~tactically~*~*~ (stealth).
   493 | D:1      | 493 ||| Stepping ~*~*~tactically~*~*~ (stealth).
   501 | D:1      | Reached skill level 3 in Axes
   520 | D:1      | Reached XP level 3. HP: 21/23 MP: 3/3
   917 | D:1      | 917 ||| UPGRADING to +0 pair of gloves.
   922 | D:1      | 922 ||| READING scroll labelled LUESKYASORI.
   923 | D:1      | 923 ||| DROPPING +0 whip.
   924 | D:1      | 924 ||| READING 3 scrolls labelled CYKOLA UFEKK.
   925 | D:1      | 925 ||| READING scroll labelled WEW LOUSHAIRA.
   942 | D:1      | 942 ||| READING 2 scrolls of identify.
   942 | D:1      | 942 ||| IDENTIFYING purple potion
  1056 | D:2      | 1056 ||| Stepping ~*~*~tactically~*~*~ (stealth).
  1073 | D:2      | 1073 ||| Stepping ~*~*~tactically~*~*~ (stealth).
  1074 | D:2      | 1074 ||| Stepping ~*~*~tactically~*~*~ (stealth).
  1109 | D:2      | 1109 ||| Stepping ~*~*~tactically~*~*~ (stealth).
  1120 | D:2      | Identified the +3 spear "Owodae" {speed, rElec Will- Str+5
                  | Int+2}
  1148 | D:2      | Reached XP level 4. HP: 28/28 MP: 4/4
  1152 | D:2      | 1152 ||| Stepping ~*~*~tactically~*~*~ (hiding).
  1252 | D:2      | 1252 ||| READING scroll of brand weapon.
  1252 | D:2      | 1252 ||| BRANDING +0 war axe of flaming.
  1363 | D:2      | Reached skill level 4 in Axes
  1479 | D:2      | 1479 ||| UPGRADING to +0 chain mail.
  1489 | D:2      | 1489 ||| DROPPING +0 scale mail.
  1490 | D:2      | 1490 ||| READING 2 scrolls labelled UREMIP SAAX.
  1491 | D:2      | 1491 ||| READING scroll of enchant weapon.
  1491 | D:2      | 1491 ||| ENCHANTING +1 heavy war axe.
  1492 | D:2      | 1492 ||| DRINKING 2 metallic orange potions.
  1523 | D:2      | 1523 ||| DRINKING 2 grey potions.
  1524 | D:2      | 1524 ||| READING 3 scrolls of identify.
  1524 | D:2      | 1524 ||| IDENTIFYING inky potion
  1525 | D:2      | 1525 ||| READING 2 scrolls of identify.
  1525 | D:2      | 1525 ||| IDENTIFYING sedimented clear potion
  1526 | D:2      | 1526 ||| DROPPING potion of ambrosia.
  1527 | D:2      | 1527 ||| DROPPING potion of brilliance.
  1536 | D:3      | 1536 ||| DROPPING +0 club.
  1543 | D:3      | 1543 ||| Stepping ~*~*~tactically~*~*~ (stealth).
  1550 | D:3      | 1550 ||| Stepping ~*~*~tactically~*~*~ (stealth).
  1619 | D:3      | 1619 ||| Stepping ~*~*~tactically~*~*~ (hiding).
  1759 | D:3      | Reached XP level 5. HP: 22/32 MP: 5/5
  1818 | D:3      | Found Teuz's Antique Weapon Shoppe.
  1820 | D:3      | Noticed Sigmund
  1837 | D:3      | HP: 8/32 [something/magic dart (3)]
  1841 | D:3      | Killed Sigmund
  1842 | D:3      | Reached skill level 5 in Axes
  1842 | D:3      | Reached XP level 6. HP: 11/37 MP: 6/6
  2274 | D:3      | 2274 ||| UPGRADING to ring of protection from cold.
  2275 | D:3      | 2275 ||| READING scroll labelled HUCOBE LIED.
  2276 | D:3      | 2276 ||| READING scroll labelled QOXTESM NOGOM.
  2277 | D:3      | 2277 ||| READING scroll labelled ZALULEGUEQ.
  2282 | D:3      | 2282 ||| READING scroll labelled BOGUUL XASYEWY.
  2283 | D:3      | 2283 ||| READING scroll labelled CEIVEJ YKHLO.
  2379 | D:4      | Found a staircase to the Ecumenical Temple.
  2380 | D:4      | 2380 ||| PLANNING TEMPLE
  2394 | Temple   | Entered the Ecumenical Temple
  2395 | Temple   | 2395 ||| PLANNING OKAWARU WORSHIP
  2401 | Temple   | Became a worshipper of Warmaster Okawaru
  2402 | Temple   | 2402 ||| PLANNING D:1-11
  2810 | D:4      | HP: 1/38 [ogre/+0 giant club (9)]
  2811 | D:4      | 2811 ||| DRINKING potion of heal wounds.
  2992 | D:4      | Reached skill level 6 in Axes
  2992 | D:4      | Reached XP level 7. HP: 44/44 MP: 7/7
  3301 | D:4      | 3301 ||| UPGRADING to +0 plate armour.
  3311 | D:4      | 3311 ||| DROPPING +0 chain mail.
  3312 | D:4      | 3312 ||| READING scroll labelled KIDACR KAAPLEHER.
  3339 | D:5      | Entered Level 5 of the Dungeon
  3354 | D:5      | Reached * piety under Okawaru
  3380 | D:5      | 3380 ||| Stepping ~*~*~tactically~*~*~ (hiding).
  3382 | D:5      | 3382 ||| Stepping ~*~*~tactically~*~*~ (hiding).
  3386 | D:5      | 3386 ||| INVOKING Heroism.
  3558 | D:5      | 3558 ||| INVOKING Heroism.
  3561 | D:5      | Reached skill level 7 in Axes
  3561 | D:5      | Reached XP level 8. HP: 37/48 MP: 5/8
  3564 | D:5      | Reached skill level 1 in Invocations
  3566 | D:5      | 3566 ||| INVOKING Heroism.
  3627 | D:5      | 3627 ||| DROPPING +0 whip.
  3631 | D:5      | 3631 ||| READING scroll of enchant weapon.
  3631 | D:5      | 3631 ||| ENCHANTING +2 heavy war axe.
  3801 | D:5      | 3801 ||| UPGRADING to ring of protection from cold.
  3802 | D:5      | 3802 ||| UPGRADING to ring of see invisible.
  3804 | D:5      | 3804 ||| READING scroll labelled LOUR HOCENTAPN.
  3832 | D:6      | 3832 ||| Stepping ~*~*~tactically~*~*~ (stealth).
  3834 | D:6      | 3834 ||| Stepping ~*~*~tactically~*~*~ (stealth).
  3836 | D:6      | 3836 ||| Stepping ~*~*~tactically~*~*~ (stealth).
  3844 | D:6      | 3844 ||| INVOKING Heroism.
  3847 | D:6      | Reached skill level 1 in Dodging
  3856 | D:6      | Reached skill level 1 in Throwing
  3856 | D:6      | Reached skill level 3 in Invocations
  3935 | D:6      | 3935 ||| Stepping ~*~*~tactically~*~*~ (hiding).
  3965 | D:6      | 3965 ||| Stepping ~*~*~tactically~*~*~ (stealth).
  3968 | D:6      | 3968 ||| Stepping ~*~*~tactically~*~*~ (hiding).
  3998 | D:6      | 3998 ||| Stepping ~*~*~tactically~*~*~ (stealth).
  4011 | D:6      | 4011 ||| Stepping ~*~*~tactically~*~*~ (stealth).
  4149 | D:6      | Noticed a shadow
  4158 | D:6      | Killed a shadow
  4159 | D:6      | Reached skill level 8 in Axes
  4181 | D:6      | Identified the +0 chain mail "Orufaom" {rCorr Int+2}
  4222 | D:6      | Reached XP level 9. HP: 49/54 MP: 12/12
  4327 | D:6      | 4327 ||| READING scroll of brand weapon.
  4327 | D:6      | 4327 ||| BRANDING +3 heavy war axe.
  4459 | D:6      | Reached skill level 6 in Fighting
  4505 | D:6      | Found a radiant altar of Vehumet.
  4505 | D:6      | Found a burning altar of Makhleb.
  4545 | D:6      | 4545 ||| UPGRADING to +2 hat.
  4550 | D:6      | 4550 ||| READING scroll labelled PUSYRAAFFA.
  4576 | D:7      | Reached ** piety under Okawaru
  4591 | D:7      | 4591 ||| Stepping ~*~*~tactically~*~*~ (stealth).
  4594 | D:7      | 4594 ||| INVOKING Heroism.
  4617 | D:7      | 4617 ||| Stepping ~*~*~tactically~*~*~ (hiding).
  4618 | D:7      | 4618 ||| Stepping ~*~*~tactically~*~*~ (hiding).
  4622 | D:7      | 4622 ||| INVOKING Heroism.
  4961 | D:7      | Reached skill level 9 in Axes
  4961 | D:7      | 4961 ||| INVOKING Heroism.
  5035 | D:7      | Found a bloodstained altar of Trog.
  5365 | D:7      | 5365 ||| INVOKING Heroism.
  5685 | D:7      | 5685 ||| UPGRADING to amulet of regeneration.
  5690 | D:7      | 5690 ||| READING 5 scrolls of identify.
  5690 | D:7      | 5690 ||| IDENTIFYING fuming orange potion
  5829 | D:8      | Reached skill level 6 in Armour
  5902 | D:8      | 5902 ||| Stepping ~*~*~tactically~*~*~ (hiding).
  6036 | D:8      | Found an ornate altar of the Wu Jian Council.
  6036 | D:8      | Found a sacrificial altar of Ru.
  6038 | D:8      | Found a hide-covered altar of Uskayaw.
  6040 | D:8      | Found a white marble altar of Elyvilon.
  6041 | D:8      | Found a hazy altar of Hepliaklqana.
  6298 | D:8      | Found a staircase to the Lair.
  6340 | D:8      | 6340 ||| PLANNING LAIR
  6340 | D:8      | 6340 ||| READING scroll labelled ZIEKHU IMMOUMN.
  6341 | D:8      | 6341 ||| READING 4 scrolls of identify.
  6341 | D:8      | 6341 ||| IDENTIFYING viscous golden potion
  6367 | Lair:1   | Entered Level 1 of the Lair of Beasts
  6368 | Lair:1   | 6368 ||| PLANNING GAUNTLET
  6379 | Lair:1   | 6379 ||| READING scroll of enchant weapon.
  6379 | Lair:1   | 6379 ||| ENCHANTING +3 vampiric war axe.
  6415 | Lair:1   | 6415 ||| INVOKING Heroism.
  6425 | Lair:1   | Reached XP level 10. HP: 63/63 MP: 11/13
  6434 | Lair:1   | 6434 ||| Stepping ~*~*~tactically~*~*~ (stealth).
  6442 | Lair:1   | 6442 ||| INVOKING Heroism.
  6444 | Lair:1   | Reached skill level 10 in Axes
  6448 | Lair:1   | Reached *** piety under Okawaru
  6466 | Lair:1   | 6466 ||| INVOKING Heroism.
  6516 | Lair:1   | Noticed a cane toad
  6517 | Lair:1   | 6517 ||| INVOKING Heroism.
  6525 | Lair:1   | Killed a cane toad
  6606 | Lair:1   | Found a gate leading to a gauntlet.
  6615 | Gauntlet | Entered a Gauntlet
  6615 | Gauntlet | Found a transporter.
  6615 | Gauntlet | Found a transporter.
  6616 | Gauntlet | Found a transporter.
  6619 | Gauntlet | Found a transporter.
  6619 | Gauntlet | Found a transporter.
  6622 | Gauntlet | Noticed a fire crab
  6623 | Gauntlet | Noticed a torpor snail
  6627 | Gauntlet | Noticed a death yak
  6628 | Gauntlet | Noticed a death yak
  6629 | Gauntlet | Found a transporter.
  6629 | Gauntlet | Noticed a death yak
  6635 | Gauntlet | Noticed a death yak
  6643 | Gauntlet | Found a transporter.
  6651 | Gauntlet | Found a transporter.
  6668 | Gauntlet | Found a transporter.
  6675 | Gauntlet | Noticed a moth of wrath
  6676 | Gauntlet | Found a transporter.
  6694 | Gauntlet | Found a transporter.
  6746 | Gauntlet | Found a transporter.
  6833 | Gauntlet | 6833 ||| INVOKING Heroism.
  6844 | Gauntlet | Gained mutation: You are dopey. (Int -2) [a neqoxec]
  6917 | Gauntlet | Identified the +0 cloak "Reutedwe" {Rampage rF- Regen+
                  | Str+5}
  6922 | Gauntlet | 6922 ||| UPGRADING to +0 cloak "Reutedwe" {Rampage rF-
                  | Regen+ Str+5}.
  6932 | Gauntlet | 6932 ||| INVOKING Heroism.
  6947 | Gauntlet | Killed a moth of wrath
  6947 | Gauntlet | Received a gift from Okawaru
  6959 | Gauntlet | Identified the ring of the Circus Animal {rF+ Int+4 Dex+2}
  6961 | Gauntlet | 6961 ||| UPGRADING to ring of the Circus Animal {rF+ Int+4
                  | Dex+2}.
  7008 | Gauntlet | Reached **** piety under Okawaru
  7010 | Gauntlet | 7010 ||| INVOKING Heroism.
  7014 | Gauntlet | Reached XP level 11. HP: 29/68 MP: 11/14
  7015 | Gauntlet | HP: 11/68 [fire crab] (20)]
  7016 | Gauntlet | 7016 ||| DRINKING 2 potions of heal wounds.
  7019 | Gauntlet | Reached skill level 11 in Axes
  7020 | Gauntlet | 7020 ||| DRINKING potion of heal wounds.
  7020 | Gauntlet | HP: 12/68 [fire crab] (16)]
  7026 | Gauntlet | Killed a fire crab
  7026 | Gauntlet | HP: 13/69 [something (9)]
  7027 | Gauntlet | 7027 ||| Stepping ~*~*~tactically~*~*~ (cloud).
  7062 | Gauntlet | 7062 ||| UPGRADING to +0 pair of boots of stealth.
  7071 | Gauntlet | Identified the +9 mace of the Nexus {antimagic, Fragile
                  | rElec Str+2 Dex+4}
  7071 | Gauntlet | Identified the ring "Vamyon" {rF- rC++ AC+4 Int+3}
  7071 | Gauntlet | Noticed a minotaur
  7072 | Gauntlet | 7072 ||| INVOKING Heroism.
  7080 | Gauntlet | HP: 1/69 [minotaur/the +9 mace of the Nexus {antimagic,
                  | Fragile rElec Str+2 Dex+4} (28)]
  7085 | Gauntlet | Mangled by a minotaur

Levels and vault maps discovered:
D:1:      lightli_arrival_chessboard, layout_loops_corners, st_stairs_5
D:2:      layout_basic, kennysheep_generic_room_10
D:3:      layout_rooms, serial_shops, nicolae_lakefront_shop,
          chequers_serial_rivers_large_a, uniq_sigmund
D:4:      layout_basic, minmay_temple_entry_statues
D:5:      layout_rooms
D:6:      layout_basic, grunt_temple_overflow_lords_of_destruction,
          hellmonk_no_cap
D:7:      layout_basic, trog_three_pillars_becter
D:8:      layout_loops_cross, grunt_temple_overflow_open, lair_entry_dummy
Temple:   hellmonk_temple_micro_hex
Lair:1:   layout_cave_pods, gauntlet_entry_generic,
          chequers_serial_rivers_small_3, lemuel_fruit_tree,
          serial_bayou_shore_b
Gauntlet: gammafunk_gauntlet_shortcut [nicolae_gauntlet_arena_blocks,
          gammafunk_gauntlet_arena_grid, gammafunk_gauntlet_arena_chambers,
          gammafunk_gauntlet_arena_hedges, gammafunk_gauntlet_arena_teeth,
          gammafunk_gauntlet_arena_split_diamond,
          nicolae_gauntlet_exit_dead_adventurers]

Skill      XL: |  1  2  3  4  5  6  7  8  9 10 11 |
---------------+----------------------------------+-----
Axes           | 2 3 4 5 6 7 8 9 10 11 | 11.0
Fighting       | 4 5 7 8 |  8.7
Armour         | 4 6 7 |  7.8
Invocations    | 4 |  4.7
Dodging        | 1 2 |  2.1
Throwing       | 1 |  1.4
Shields        | 4 5 |  5.4

Action                     |  1- 3 |  4- 6 |  7- 9 | 10-12 || total
---------------------------+-------+-------+-------+-------++-------
  Melee: War axe           |   107 |   113 |   187 |    94 ||   501
         Unarmed           |       |       |       |    24 ||    24
  Throw: Boomerang         |       |       |    60 |    26 ||    86
 Invoke: Heroism           |       |       |     9 |     7 ||    16
    Use: Scroll            |     4 |    10 |     9 |       ||    23
         Potion            |       |     3 |       |     2 ||     5
 Armour: Scale mail        |    50 |    16 |       |       ||    66
         Chain mail        |       |    93 |       |       ||    93
         Plate armour      |       |       |   134 |   121 ||   255
         Skin              |       |       |       |     4 ||     4
  Dodge: Dodged            |    31 |    38 |    69 |    78 ||   216
  Block: Buckler           |    19 |    30 |    50 |    51 ||   150

Table legend:
 A = Non-vault XP
 B = Vault XP
 C = Vault XP percentage of total XP
 D = Non-vault monster count
 E = Vault monster count
 F = Vault count percentage of total count
                 A         B        C        D         E       F
            +---------+---------+-------+---------+---------+-------
      Total |    6294 |    4186 |  39.9 |     167 |      26 |  13.5
            +---------+---------+-------+---------+---------+-------
        D:1 |      41 |       4 |   8.9 |      24 |       2 |   7.7
        D:2 |      56 |       1 |   1.8 |      24 |       1 |   4.0
        D:3 |      73 |     214 |  74.6 |      14 |       1 |   6.7
        D:4 |     272 |       0 |   0.0 |      14 |       0 |   0.0
        D:5 |     868 |       0 |   0.0 |      25 |       0 |   0.0
        D:6 |     837 |     206 |  19.8 |      19 |       4 |  17.4
        D:7 |    1430 |       0 |   0.0 |      30 |       0 |   0.0
        D:8 |     554 |       0 |   0.0 |       9 |       0 |   0.0
     Lair:1 |    2163 |       0 |   0.0 |       8 |       0 |   0.0
   Gauntlet |       0 |    3761 | 100.0 |       0 |      18 | 100.0
            +---------+---------+-------+---------+---------+-------
